 Dungeon Crawl Stone Soup version 0.17-a0-2074-gaf3f87d (webtiles) character file.

23024 Oddball22 the Carver (level 12, -5/103 HPs)
             Began as a Demonspawn Gladiator on Oct 12, 2015.
             Killed from afar by a hell hound (27 damage)
             ... with a blast of flame
             ... led by Azrael
             ... on level 14 of the Dungeon on Oct 15, 2015.
             The game lasted 00:51:04 (13549 turns).

Oddball22 the Carver (Demonspawn Gladiator)        Turns: 13549, Time: 00:51:05

Health: -5/103     AC:  8    Str: 24    XL:     12   Next: 68%
Magic:  15/15      EV: 23    Int:  9    God:    Xom [....*.]
Gold:   986        SH:  8    Dex: 33    Spells: 1 memorised, 13 levels left

rFire  x . .     SeeInvis .     b - +12 long sword of Severance {slice, Str+2 Dex+3}
rCold  + + .     Clarity  +     B - +0 leather armour
rNeg   + . .     SustAt   .     c - +0 buckler of Inaction {Str+4 Dex+4}
rPois  .         Gourm    .     O - +0 hat
rElec  .         Spirit   .     F - +0 cloak
rCorr  .         Warding  +     H - +0 pair of gloves {Dex+3}
rMut   .         Stasis   .     s - +0 pair of boots
MR     .....                    I - amulet of warding
Stlth  +++.......               J - ring of the Ancient Wars {rC+ Dex+2}
                                u - ring of ice

@: not resistant to hostile enchantments, fairly stealthy
A: antennae 1, talons 1, thin metallic scales 1, agile 2, clarity, demonic
guardian 2, nightstalker 1, sense surroundings 1, robust 1, spit poison 1
a: Spit Poison, Renounce Religion


You were on level 14 of the Dungeon.
You worshipped Xom.
You were a beloved toy of Xom.
You were not hungry.

You visited 2 branches of the dungeon, and saw 15 of its levels.

You collected 986 gold pieces.

Inventory:

Hand Weapons
 a - the +15 heavy crossbow "Sniper" {velocity, SInv}
   (You found it on level 5 of the Dungeon)

   Any bolt fired from it inflicts extra damage.
   It lets you see invisible.
 b - the +12 long sword of Severance (weapon) {slice, Str+2 Dex+3}
   (You found it on level 5 of the Dungeon)

   It inflicts extra damage upon your enemies.
   It affects your strength (+2).
   It affects your dexterity (+3).
 N - a +2 short sword of venom
Missiles
 j - 14 bolts of frost
 r - 122 bolts
Armour
 c - the +0 buckler of Inaction (worn) {Str+4 Dex+4}
   (You found it on level 10 of the Dungeon)

   It affects your strength (+4).
   It affects your dexterity (+4).
 s - a +0 pair of boots (worn)
 w - the +4 chain mail of Quantum Leap {MR+ Int-5 Dex+3}
   (You found it on level 4 of the Dungeon)

   It affects your intelligence (-5).
   It affects your dexterity (+3).
   It affects your resistance to hostile enchantments.
 B - a +0 leather armour (worn)
 F - a +0 cloak (worn)
 H - a +0 pair of gloves of dexterity (worn)
 O - a +0 hat (worn)
Jewellery
 k - an uncursed ring of fire
 p - a cursed ring of teleportation
 u - a ring of ice (left hand)
 I - an amulet of warding (around neck)
 J - the ring of the Ancient Wars (right hand) {rC+ Dex+2}
   (You found it on level 8 of the Dungeon)

   [ring of dexterity]

   It affects your dexterity (+2).
   It protects you from cold.
 V - an uncursed ring of magical power
Wands
 h - a wand of lightning (4)
 o - a wand of random effects (20)
 x - a wand of disintegration (7)
 C - a wand of teleportation (9)
 E - a wand of fire (10)
 P - a wand of disintegration (17)
 Q - a wand of polymorph (14)
 R - a wand of enslavement (10)
 Y - a wand of random effects (18)
Scrolls
 f - 2 scrolls of recharging
 i - 7 scrolls of teleportation
 m - 2 scrolls of amnesia
 t - a scroll of fog
 y - 6 scrolls of remove curse
 A - 2 scrolls of enchant armour
 L - a scroll of enchant weapon
Potions
 g - a potion of cancellation
 n - 2 potions of flight
 v - 3 potions of brilliance
 D - 3 potions of invisibility
 K - a potion of agility
 T - 3 potions of lignification
 U - 3 potions of curing
Books
 d - a book of Spatial Translocations

   Spells                             Type                      Level
   a - Apportation                    Translocation                1
   b - Blink                          Translocation                2
   c - Shroud of Golubria             Charms/Translocation         2
   d - Portal Projectile              Translocation                3
   e - Teleport Other                 Translocation                3
   f - Passage of Golubria            Translocation                4
 X - a book of the Warp

   Spells                             Type                      Level
   a - Recall                         Summoning/Translocation      3
   b - Gell's Gravitas                Hexes/Translocation          3
   c - Force Lance                    Conjuration/Translocation    4
   d - Phase Shift                    Translocation                5
   e - Warp Weapon                    Charms/Translocation         5
   f - Summon Forest                  Summoning/Translocation      5
Comestibles
 e - 5 bread rations
 l - 3 fruits
 q - 9 meat rations
 z - 9 slices of pizza
 M - 5 beef jerkies
 W - a royal jelly


   Skills:
 - Level 8.9 Fighting
 * Level 12.1 Long Blades
 - Level 6.8 Crossbows
 - Level 2.2 Throwing
 - Level 8.5 Dodging
 - Level 7.7 Shields
 + Level 2.3 Spellcasting
 + Level 2.4 Translocations


You had 13 spell levels left.
You knew the following spells:

 Your Spells              Type           Power        Failure   Level  Hunger
a - Blink                 Tloc           N/A          21%         2    ###....


Dungeon Overview and Level Annotations

Branches:
Dungeon (14/15)            Temple (1/1) D:4            Lair (0/8) D:9
    Orc (0/4) D:9          Vaults (0/5) D:14

Altars:
Ashenzari
Cheibriados
Dithmenos
Elyvilon
Fedhas
Gozag
Kikubaaqudgha
Makhleb
Nemelex Xobeh
Okawaru
Qazlal
Ru
Sif Muna
Trog
Vehumet
Xom
Yredelemnul
Zin
The Shining One

Shops:
D:6 *   D:8 !

Annotations:
D:14 Azrael


Innate Abilities, Weirdness & Mutations

You have a pair of small antennae on your head.
You are partially covered in thin metallic scales (AC +2).
A demonic guardian rushes to your aid.
You are slightly more attuned to the shadows.
You have sharp toenails.
You are very agile. (Dex +4)
You possess an exceptional clarity of mind.
You passively map a small area around you.
You are robust (+10% HP).
You can spit weak poison.


Message History

"That's my teddy bear, go get your own!"
Xom revives you!
Unknown command.
Something hits you.
* * * LOW HITPOINT WARNING * * *
You swap places.
A magic dart appears from out of thin air!
The magic dart hits your sun demon.
Your sun demon hits something!
Reactivating autopickup.
You feel a bit more experienced. The fire elemental hits your sun demon.
Your sun demon hits the fire elemental!
The fire elemental is engulfed in flames.
The fire elemental completely resists.
The fire elemental hits your sun demon.
The hell hound pauses to sniff the ground.
The hell hound breathes flames at you.
The blast of flame hits the fire elemental.
The fire elemental completely resists.
The blast of flame hits your sun demon.
Your sun demon completely resists.
The blast of flame hits you! The fire burns you terribly!
You die...

, ,, , , , , ,
..., , , , , *
.#.. , , *
......... * #... ,
* *#........(.
*#..#
#..........#*
*...# ,
#.......§5.# ##..#
, , ...$..§§§.#
#@..#* * ,
#.....§§.# ##3.##
*#...(..§§####EE.#
##.......R§§Yh§.##
##..#..#...o§h§..#
#......#....oE.%.#
..#....##.....>..#
....##..#.......##
.#.####.#.#######


You could see 3 fire elementals, 2 hell hounds, an orc and a friendly sun demon.

Vanquished Creatures
  2 centaur warriors
  4 unseen horrors
  The ghost of Vex the Ruffian, a novice TrMo (D:6)
  6 hill giants
  Pikel (D:4)
  2 ugly things (D:12)
  A cyclops (D:11)
  A black mamba (shapeshifter) (D:13)
  2 two-headed ogres
  A jumping spider (shapeshifter) (D:14)
  A trapdoor spider zombie (D:12)
  A wraith (D:13)
  3 deep elf magi
  A basilisk (D:12)
  3 wyverns
  3 humans (D:9)
  6 hungry ghosts
  4 water moccasins
  8 orc warriors
  5 ice beasts
  A sky beast (D:13)
  A slave (D:4)
  A necrophage (D:9)
  4 black bears
  4 phantoms
  13 centaurs
  8 ogres
  An eye of draining (D:8)
  5 giant frogs
  A gnoll sergeant (D:8)
  Dowan (D:4)
  3 jellies
  A scorpion (D:7)
  A troll zombie (D:9)
  A wyvern skeleton (D:7)
  A killer bee (D:12)
  3 wights (D:13)
  7 crimson imps
  2 centaur zombies
  13 orc priests
  2 giant frog zombies
  Crazy Yiuf (D:3)
  3 centaur skeletons
  15 orc wizards
  An iguana (D:11)
  2 giant frog skeletons
  6 hounds
  11 worker ants
  6 ogre zombies (D:9)
  2 hound zombies (D:6)
  14 adders
  6 gnolls
  A shadow imp (D:10)
  An ooze (D:1)
  56 orcs
  3 ball pythons
  7 bats
  8 goblins
  3 hobgoblins
  4 jackals
  5 giant cockroaches
  4 giant geckos
  4 giant newts
  4 goblin zombies (D:9)
  A hobgoblin skeleton (D:9)
  4 kobolds
  3 orc skeletons (D:9)
  16 orc zombies (D:9)
  2 quokkas
  A quokka skeleton (D:5)
  6 rats
330 creatures vanquished.

Vanquished Creatures (collateral kills)
  Frances (D:12)
  An ogre mage (D:14)
  Erolcha (D:12)
  An ice statue (D:13)
  2 hill giants
  An ugly thing (D:12)
  A gargoyle (D:11)
  A two-headed ogre (D:14)
  2 hogs (D:9)
  A fire elemental (D:14)
  A basilisk (D:14)
  Duvessa (D:4)
  An ogre (D:6)
  A centaur (D:13)
  2 giant frogs
  A troll zombie (D:9)
  An orc wizard (D:14)
  An orc priest (D:14)
  2 sheep (D:9)
  A giant newt (D:6)
24 creatures vanquished.

Vanquished Creatures (others)
  A wyvern skeleton (D:14)
  A scorpion (D:4)
  An orc (D:4)
  A giant cockroach (D:4)
  A jackal (D:4)
  An orc skeleton (D:9)
6 creatures vanquished.

Grand Total: 360 creatures vanquished

Notes
Turn   | Place    | Note
--------------------------------------------------------------
     0 | D:1      | Oddball22 the Demonspawn Gladiator began the quest for the Orb.
     0 | D:1      | Reached XP level 1. HP: 16/16 MP: 1/1
     0 | D:1      | Noticed an iron dragon
     0 | D:1      | Noticed a large abomination
     1 | D:1      | Noticed an iron dragon
     3 | D:1      | Noticed an orb of fire
     5 | D:1      | Noticed a shadow dragon
     7 | D:1      | Noticed an orb of fire
     8 | D:1      | Noticed a large abomination
    10 | D:1      | Noticed a tentacled monstrosity
    10 | D:1      | Noticed a shadow dragon
    12 | D:1      | Noticed a black draconian
    13 | D:1      | Noticed a large abomination
    15 | D:1      | Noticed a green draconian
    17 | D:1      | Noticed a large abomination
    17 | D:1      | Noticed a large abomination
    17 | D:1      | Noticed an ice dragon
    19 | D:1      | Noticed an orb of fire
    23 | D:1      | Noticed an iron dragon
   549 | D:1      | Reached skill level 3 in Long Blades
   563 | D:1      | Gained mutation: You are partially covered in thin metallic scales (AC +2). [demonic ancestry]
   563 | D:1      | Reached XP level 2. HP: 22/22 MP: 2/2
   917 | D:2      | Found a stormy altar of Qazlal.
   941 | D:2      | Reached XP level 3. HP: 17/28 MP: 3/3
  1051 | D:2      | Found a blossoming altar of Fedhas.
  1597 | D:3      | Reached XP level 4. HP: 13/34 MP: 4/4
  1945 | D:3      | Reached skill level 4 in Long Blades
  2253 | D:4      | Reached XP level 5. HP: 37/40 MP: 5/5
  2263 | D:4      | Noticed Pikel
  2263 | D:4      | Noticed a slave
  2264 | D:4      | Noticed a slave
  2264 | D:4      | Noticed a slave
  2314 | D:4      | Killed a slave
  2318 | D:4      | Gained mutation: You can spit weak poison. [potion of beneficial mutation]
  2319 | D:4      | Gained mutation: You passively map a small area around you. [potion of mutation]
  2319 | D:4      | Gained mutation: You are robust (+10% HP). [potion of mutation]
  2319 | D:4      | Gained mutation: You possess an exceptional clarity of mind. [potion of mutation]
  2342 | D:4      | Noticed a slave
  2345 | D:4      | Killed Pikel
  2345 | D:4      | Reached skill level 5 in Long Blades
  2345 | D:4      | Gained mutation: A weak demonic guardian rushes to your aid. [demonic ancestry]
  2345 | D:4      | Reached XP level 6. HP: 6/52 MP: 6/6
  2345 | D:4      | Reached XP level 7. HP: 6/58 MP: 7/7
  2801 | D:4      | Found a staircase to the Ecumenical Temple.
  2806 | D:4      | Noticed Duvessa
  2806 | D:4      | Noticed Dowan
  2840 | D:4      | Killed Duvessa
  2981 | Temple   | Entered the Ecumenical Temple
  3111 | Temple   | Became a worshipper of Xom of Bloodstained Whimsey
  3654 | D:4      | XOM: divination: magic mapping
  3665 | D:4      | Found an opulent altar of Gozag.
  3673 | D:4      | Got a brightly glowing chain mail
  3674 | D:4      | Identified the +4 chain mail of Quantum Leap {MR+ Int-5 Dex+3} (You found it on level 4 of the Dungeon)
  3895 | D:4      | Killed Dowan
  4002 | D:4      | XOM: harmless Summ miscast
  4018 | D:5      | Entered Level 5 of the Dungeon
  4026 | D:5      | Got a polished long sword
  4031 | D:5      | Identified the +12 long sword of Severance {slice, Str+2 Dex+3} (You found it on level 5 of the Dungeon)
  4033 | D:5      | XOM: potion effect (brilliance)
  4140 | D:5      | Reached skill level 6 in Long Blades
  4213 | D:5      | Found a glowing silver altar of Zin.
  4227 | D:5      | Found a burning altar of Makhleb.
  4229 | D:5      | Found a shattered altar of Ashenzari.
  4260 | D:5      | Found a basalt altar of Yredelemnul.
  4321 | D:5      | XOM: confuse monster(s)
  4334 | D:5      | Reached XP level 8. HP: 67/67 MP: 8/8
  4459 | D:6      | Noticed Vex's ghost (novice TrMo)
  4495 | D:6      | Found Getomonk's General Store.
  4498 | D:6      | XOM: confuse monster(s)
  4519 | D:6      | XOM: cast spell 'Summon Swarm'
  4521 | D:6      | XOM: harmless Erth miscast
  4538 | D:6      | Killed Vex's ghost
  4538 | D:6      | Reached skill level 1 in Crossbows
  4538 | D:6      | Reached skill level 5 in Dodging
  4739 | D:6      | XOM: silly message
  4855 | D:6      | XOM: summons 8 friendly demons
  4859 | D:6      | Reached skill level 5 in Fighting
  4880 | D:6      | XOM: polymorph orc -> giant newt
  4881 | D:6      | Reached skill level 7 in Long Blades
  4936 | D:6      | XOM: summons 6 friendly demons
  5292 | D:6      | XOM: god gift: hat {god gift}
  5408 | D:6      | Gained mutation: You have a pair of small antennae on your head. [demonic ancestry]
  5408 | D:6      | Reached XP level 9. HP: 74/74 MP: 9/9
  5412 | D:6      | XOM: vitrification
  5450 | D:6      | XOM: polymorph ufetubus -> iron imp
  5455 | D:6      | XOM: summons friendly ufetubus
  5963 | D:3      | Noticed Crazy Yiuf
  5969 | D:3      | Killed Crazy Yiuf
  6339 | D:7      | XOM: fog
  6345 | D:7      | Reached skill level 8 in Long Blades
  6785 | D:7      | You fall through a shaft!
  6796 | D:8      | XOM: cast spell 'Olgreb's Toxic Radiance'
  7097 | D:8      | Reached skill level 5 in Shields
  7574 | D:8      | Gained mutation: A demonic guardian rushes to your aid. [demonic ancestry]
  7574 | D:8      | Reached XP level 10. HP: 84/84 MP: 10/10
  7606 | D:8      | Found Nekkuph's Distillery.
  7634 | D:8      | Got a transparent silver ring
  7911 | D:8      | XOM: cast spell 'Statue Form'
  7977 | D:8      | XOM: colour smoke trail
  7982 | D:8      | Found a deep blue altar of Sif Muna.
  8160 | D:9      | Found a staircase to the Orcish Mines.
  8168 | D:9      | XOM: divination: detect items
  8180 | D:9      | XOM: confuse monster(s)
  8310 | D:9      | XOM: mild Erth miscast
  8314 | D:9      | Found a staircase to the Lair.
  8400 | D:9      | XOM: confuse monster(s)
  8432 | D:9      | Reached skill level 9 in Long Blades
  8482 | D:9      | Identified the ring of the Ancient Wars {rC+ Dex+2} (You found it on level 8 of the Dungeon)
  8792 | D:9      | XOM: vitrification
  8952 | D:9      | XOM: confuse monster(s)
  9013 | D:9      | Found an iron altar of Okawaru.
  9114 | D:10     | Entered Level 10 of the Dungeon
  9287 | D:10     | Reached skill level 5 in Crossbows
  9311 | D:10     | Got a bloodstained buckler
  9322 | D:10     | Identified the +0 buckler of Inaction {Str+4 Dex+4} (You found it on level 10 of the Dungeon)
  9468 | D:10     | XOM: give mutations
  9468 | D:10     | Gained mutation: You are agile. (Dex +2) [Xom's grace]
  9468 | D:10     | Gained mutation: You are very agile. (Dex +4) [Xom's grace]
  9468 | D:10     | Gained mutation: You have sharp toenails. [Xom's grace]
  9579 | D:10     | XOM: cast spell 'Summon Butterflies'
  9608 | D:10     | Killed an unseen horror
  9608 | D:10     | Gained mutation: You are slightly more attuned to the shadows. [demonic ancestry]
  9608 | D:10     | Reached XP level 11. HP: 52/92 MP: 11/11
  9734 | D:10     | Noticed a hill giant
  9743 | D:10     | Killed a hill giant
  9956 | D:11     | XOM: medium Summ miscast
 10025 | D:11     | XOM: divination: magic mapping
 10127 | D:11     | Found a white marble altar of Elyvilon.
 10219 | D:11     | Reached skill level 10 in Long Blades
 10243 | D:11     | Killed an unseen horror
 10508 | D:11     | XOM: mild Summ miscast
 10722 | D:12     | Killed an unseen horror
 10865 | D:12     | Noticed Erolcha
 10865 | D:12     | XOM: enchant monster (bad)
 10872 | D:12     | Killed Erolcha
 11012 | D:12     | XOM: fog
 11044 | D:12     | Noticed a hill giant
 11053 | D:12     | Killed a hill giant
 11061 | D:12     | Noticed Frances
 11087 | D:12     | XOM: summons friendly shadow imp
 11088 | D:12     | XOM: potion effect (berserk rage)
 11092 | D:12     | Killed Frances
 11233 | D:12     | Noticed a hill giant
 11241 | D:12     | Killed a hill giant
 11268 | D:12     | Identified a scroll of acquirement
 11323 | D:12     | Reached skill level 11 in Long Blades
 11500 | D:12     | XOM: potion effect (invisibility)
 11552 | D:12     | Noticed a hill giant
 11557 | D:12     | Killed a hill giant
 11557 | D:12     | Reached XP level 12. HP: 103/103 MP: 12/12
 11627 | D:13     | XOM: noise
 11770 | D:13     | Noticed a centaur warrior
 11776 | D:13     | Killed a centaur warrior
 12018 | D:13     | XOM: harmless Erth miscast
 12531 | D:13     | XOM: summons friendly ufetubus
 13103 | D:13     | Learned a level 2 spell: Blink
 13103 | D:13     | Upgraded the game from 0.17-a0-2058-g8b0eb12 to 0.17-a0-2074-gaf3f87d
 13139 | D:14     | Reached skill level 1 in Spellcasting
 13139 | D:14     | Reached skill level 1 in Translocations
 13169 | D:14     | XOM: potion effect (berserk rage)
 13177 | D:14     | XOM: summons 3 friendly demons
 13262 | D:14     | Noticed an ogre mage
 13269 | D:14     | Paralysed by an ogre mage for 5 turns
 13283 | D:14     | Killed an ogre mage
 13283 | D:14     | Reached skill level 12 in Long Blades
 13425 | D:14     | Found a gate to the Vaults.
 13522 | D:14     | Noticed a centaur warrior
 13528 | D:14     | Noticed Azrael
 13528 | D:14     | XOM: summons 12 friendly demons
 13530 | D:14     | Killed a centaur warrior
 13540 | D:14     | HP: 2/103 [Azrael/fireball (25)]
 13544 | D:14     | Xom revived you
 13549 | D:14     | Killed from afar by a hell hound

Vault maps used:
D:1:      shiori_arrival_whats_in_store_for_you
D:2:      grunt_temple_overflow_forces_of_nature, first_bread
D:3:      uniq_crazy_yiuf_cottage
D:4:      minmay_temple_entry_large_hall, nicolae_gozag_seed_capital,
          uniq_duvessa, uniq_pikel
D:5:      nicolae_overflow_crystal_walls, grunt_temple_overflow_open
D:6:      serial_shops, nicolae_shop_crystal
D:8:      kennysheep_mini, serial_shops, shop
D:9:      dpeg_oklobed_lair, zombieorc2_lemuel, grunt_livestock, okawaru_humans
D:11:     basic_altar
D:12:     uniq_erolcha, uniq_frances
D:13:     lemuel_ice_statue, st_stairs_11
D:14:     david_vaults_2, infiniplex_staircase_pool_1, uniq_azrael
Temple:   circular_temple_12

Action                   |  1- 3 |  4- 6 |  7- 9 | 10-12 || total
-------------------------+-------+-------+-------+-------++-------
Melee: Long sword        |   136 |    55 |   199 |   506 ||   896
       Dagger            |       |    41 |       |       ||    41
       Whip              |       |       |    91 |       ||    91
 Fire: Heavy crossbow    |       |       |     4 |       ||     4
 Abil: Spit Poison       |       |     3 |    12 |     3 ||    18
  Use: Scroll            |     2 |     1 |    17 |     9 ||    29
       Potion            |       |     7 |       |       ||     7
 Stab: Distracted        |       |       |     1 |     5 ||     6
       Sleeping          |       |       |     1 |    12 ||    13
       Confused          |       |       |       |     1 ||     1
       Invisible         |       |       |       |     5 ||     5
  Eat: Chunk             |     2 |     3 |    13 |    16 ||    34
       Bread ration      |       |       |     1 |     2 ||     3
